cohdb
Replays
Latest Replays
All Replays
Popular Replays
Top Player Replays
Match Explorer
How It Works
Community
CoH3 Stats
Reddit
Sign in to upload your games and track your stats! →
Sign in with Steam
Match 47311938
Unlisted
Match 47311938
Overview
Messages
Build Orders
End
Kradschützen Motorcycle Team
Selects Panzerjäger Kommand Battlegroup
Selects Blockade Equipment
Panzergrenadier Squad
250 Light Carrier
Construct Light Support Kompanie
Combat Half-tracks
Panzerpioneer Squad
Panzerjäger Squad
2.5-tonne Medical Truck
Selects Defensive Positions
Fire Support Elements
Flakvierling Half-track
Panzerpioneer Squad
2.5-tonne Medical Truck
Selects Butterfly Bomb Drop
Butterfly Bomb Drop
Construct Panzerarmee Kommand
Selects Tank Busters
Armored Reserves
Otter
APACHE
max10r
DarknessAngle
Svenious Jakobus (GB)
poe2 is
0
0
Comments
sign in to comment!
No comments posted yet!